Map: Mech Depot LE

Players

Nice - Winner!

  • Race: Protoss Protoss
  • Spawn Location: 1:00

Jig

  • Race: Zerg Zerg
  • Spawn Location: 7:00

Event: WCS Montreal 2017

VOD

Have the link to the VOD?

Description

Time

  • Played on: Sept. 8, 2017, 11:37 a.m.
  • Length: 9:41

All games in this series

Show
View Real Time Build Order
Export as new Build Order

Nice Protoss - Winner!

Build Orders: 1 Gate Expand, Oracle Opening, Phoenix Opening 

Get SALT Encoding   

  12  0:04  Probe (Chrono Boost)  
  13  0:15  Probe (Chrono Boost)  
  14  0:22  Pylon  
  14  0:25  Probe (Chrono Boost)  
  15  0:40  Probe (Chrono Boost)  
  16  0:43  Gateway  
  16  0:50  Assimilator, Probe (Chrono Boost)  
  17  1:01  Probe (Chrono Boost)  
  18  1:12  Probe (Chrono Boost)  
  19  1:22  Probe (Chrono Boost)  
  20  1:29  Nexus  
  20  1:35  Cybernetics Core  
  20  1:38  Probe (Chrono Boost)  
  21  1:44  Assimilator  
  21  1:48  Probe (Chrono Boost)  
  21  1:53  Pylon  
  22  1:59  Probe (Chrono Boost)  
  23  2:11  Probe (Chrono Boost), Adept (Chrono Boost)  
  26  2:22  Stargate  
  26  2:23  Probe  
  27  2:31  Warp Gate  
  27  2:35  Probe (Chrono Boost), Adept (Chrono Boost)  
  30  2:43  Probe (Chrono Boost)  
  31  2:46  Probe (Chrono Boost)  
  32  2:53  Probe (Chrono Boost)  
  32  2:57  Probe (Chrono Boost)  
  34  3:02  Probe (Chrono Boost)  
  34  3:04  Oracle (Chrono Boost)  
  38  3:07  Probe  
  38  3:12  Probe  
  39  3:14  Adept  
  39  3:19  Probe  
  43  3:23  Probe  
  43  3:25  Pylon  
  44  3:32  Probe  
  44  3:33  Probe  
  46  3:44  Probe x2, Phoenix (Chrono Boost)  
  46  3:47  Nexus  
  50  3:50  Pylon  
  50  3:54  Probe  
  50  3:56  Probe  
  50  4:01  Assimilator  
  52  4:03  Assimilator  
  52  4:05  Probe  
  52  4:08  Probe, Oracle (Chrono Boost)  
  57  4:16  Probe  
  57  4:20  Probe  
  57  4:22  Pylon  
  57  4:23  Stargate  
  59  4:26  Probe  
  60  4:32  Probe  
  60  4:37  Probe  
  61  4:42  Adept  
  61  4:44  Probe  
  64  4:47  Probe  
  64  4:48  Oracle (Chrono Boost)  
  68  4:56  Probe  
  68  4:58  Probe  
  71  5:02  Assimilator, Probe  
  71  5:03  Assimilator  
  71  5:07  Oracle (Chrono Boost)  
  71  5:08  Probe  
  71  5:09  Probe  
  71  5:11  Mothership Core  
  75  5:16  Pylon  
  75  5:20  Probe  
  78  5:22  Probe, Oracle (Chrono Boost)  
  78  5:27  Forge  
  82  5:30  Pylon  
  82  5:31  Probe  
  82  5:33  Probe  
  82  5:34  Probe  
  85  5:39  Oracle (Chrono Boost)  
  85  5:42  Probe  
  88  5:45  Probe  
  88  5:47  Stargate  
  88  5:48  Probe  
  91  5:52  Probe  
  91  5:55  Pylon  
  91  5:57  Probe  
  91  5:58  Pylon  
  91  5:59  Oracle (Chrono Boost)  
  91  6:00  Probe  
  91  6:02  Pylon  
  95  6:10  Oracle (Chrono Boost)  
  98  6:14  Probe  
  98  6:15  Probe x2  
  101  6:19  Pylon  
  101  6:20  Pylon  
  101  6:21  Twilight Council  
  101  6:24  Probe  
  99  6:27  Probe  
  99  6:30  Oracle (Chrono Boost)  
  104  6:41  Oracle (Chrono Boost)  
  104  6:43  Oracle (Chrono Boost)  
  107  6:59  Oracle (Chrono Boost)  
  104  7:06  Probe x2, Zealot  
  102  7:09  Gateway  
  102  7:10  Gateway  
  102  7:11  Oracle (Chrono Boost)  
  102  7:12  Gateway  
  102  7:14  Gateway, Oracle (Chrono Boost)  
  108  7:17  Charge (Chrono Boost)  
  108  7:18  Gateway  
  108  7:20  Gateway  
  108  7:22  Gateway  
  108  7:23  Protoss Ground Weapons Level 1 (Chrono Boost)  
  108  7:24  Probe, Gateway  
  108  7:27  Oracle  
  109  7:36  Zealot  
  108  7:43  Oracle  
  108  7:49  Oracle  
  114  7:53  Nexus  
  114  7:54  Pylon  
  114  7:56  Pylon  
  114  7:59  Oracle  
  114  8:14  Zealot, Oracle  
  114  8:15  Zealot x5  
  114  8:19  Zealot x3, Pylon  
  135  8:20  Pylon  
  135  8:23  Probe  
  135  8:24  Probe x2, Oracle (Chrono Boost)  
  141  8:33  Pylon  
  141  8:34  Oracle (Chrono Boost)  
  141  8:40  Zealot x4  
  152  8:49  Zealot x4, Oracle (Chrono Boost)  
  163  9:00  Oracle (Chrono Boost)  
  166  9:07  Zealot x5  
  176  9:18  Templar Archives  
  176  9:31  Zealot x9  
Show
View Real Time Build Order
Export as new Build Order

Jig Zerg 

Build Orders: Hatch First 

Get SALT Encoding   

  12  0:03  Drone  
  13  0:13  Overlord  
  13  0:19  Drone  
  14  0:31  Drone x2  
  16  0:36  Drone  
  17  0:57  Hatchery  
  17  0:59  Drone  
  17  1:00  Drone  
  18  1:13  Extractor  
  18  1:14  Spawning Pool  
  18  1:18  Drone  
  17  1:21  Drone  
  18  1:30  Drone  
  19  1:40  Drone  
  20  1:51  Overlord  
  20  2:02  Queen  
  22  2:09  Queen  
  22  2:10  Zergling x4  
  22  2:12  Metabolic Boost  
  22  2:15  Drone  
  27  2:20  Drone  
  28  2:23  Drone  
  29  2:32  Drone  
  29  2:35  Drone  
  31  2:45  Drone x2, Hatchery  
  32  2:53  Queen  
  32  2:54  Overlord  
  32  2:58  Drone  
  35  3:06  Drone  
  36  3:13  Drone x4  
  36  3:19  Spore Crawler  
  39  3:21  Overlord  
  39  3:23  Drone x4  
  44  3:27  Spore Crawler  
  44  3:29  Spore Crawler  
  44  3:32  Queen  
  44  3:37  Overlord  
  44  3:41  Zergling x4  
  44  3:42  Zergling x2  
  44  3:45  Zergling x4  
  44  3:47  Zergling x2  
  50  3:54  Zergling x2  
  51  3:56  Zergling x2  
  51  3:58  Spore Crawler  
  51  4:09  Overlord  
  51  4:10  Drone x2  
  51  4:16  Drone x3, Zergling x2  
  51  4:17  Drone x2  
  58  4:20  Drone  
  58  4:21  Extractor, Drone x2  
  60  4:28  Overlord  
  60  4:29  Overlord  
  60  4:30  Drone x3  
  63  4:38  Drone x2  
  62  4:41  Overlord  
  61  4:50  Drone, Lair  
  61  4:51  Drone  
  61  4:53  Drone x5  
  66  5:02  Drone x4  
  66  5:06  Overlord  
  70  5:07  Extractor  
  70  5:08  Extractor  
  70  5:11  Drone  
  69  5:14  Drone  
  69  5:15  Evolution Chamber  
  69  5:16  Overlord  
  69  5:17  Hatchery  
  68  5:24  Spore Crawler, Drone  
  68  5:25  Drone x3  
  68  5:27  Spore Crawler  
  70  5:29  Spore Crawler  
  70  5:30  Drone x4  
  72  5:38  Drone  
  72  5:40  Overlord  
  73  5:46  Overlord  
  73  5:49  Zerg Missile Weapons Level 1  
  73  5:50  Hydralisk Den  
  73  5:54  Drone  
  73  5:55  Drone x8  
  81  5:59  Extractor  
  81  6:00  Extractor  
  81  6:02  Drone x4  
  81  6:03  Evolution Chamber  
  82  6:10  Overlord  
  82  6:18  Overlord  
  81  6:19  Spore Crawler  
  81  6:21  Hydralisk x7  
  91  6:28  Muscular Augments  
  91  6:37  Extractor  
  88  6:42  Drone x7  
  88  6:43  Drone x5  
  94  6:49  Hydralisk x3  
  94  6:52  Hydralisk x2  
  92  7:02  Hydralisk  
  92  7:03  Hydralisk x2  
  94  7:09  Spore Crawler  
  94  7:10  Spore Crawler, Drone x2  
  94  7:11  Spore Crawler, Drone  
  94  7:14  Zerg Ground Armor Level 1  
  94  7:15  Drone  
  94  7:16  Drone x4  
  94  7:21  Extractor  
  98  7:25  Hydralisk x3  
  104  7:35  Hydralisk x2  
  104  7:36  Hydralisk x2  
  112  7:42  Hydralisk  
  112  7:43  Hydralisk  
  116  7:44  Overlord x2  
  116  7:45  Overlord x2  
  116  7:49  Drone x4  
  120  7:52  Overseer  
  120  7:58  Spore Crawler  
  119  8:00  Overlord  
  113  8:07  Overlord  
  113  8:08  Hydralisk  
  113  8:09  Hydralisk x5  
  125  8:16  Overlord x2  
  125  8:17  Hydralisk x2  
  129  8:25  Hydralisk x4  
  137  8:33  Hydralisk  
  137  8:34  Hydralisk x3  
  137  8:35  Hydralisk  
  147  8:44  Pneumatized Carapace  
  147  8:47  Hydralisk x4  
  155  8:48  Hydralisk  
  157  8:56  Queen  
  157  8:57  Overlord  
  157  8:58  Hydralisk x3  
  163  9:13  Overlord  
  163  9:14  Hydralisk x4  
  171  9:19  Evolution Chamber  
  171  9:21  Evolution Chamber  
  169  9:26  Hatchery  
Tags
 
Add a new tag
Caveats
  • Supply blocks, unpowered buildings, or Contaminate may cause inaccurate times.
  • Supply counts are checked every 10 seconds.